Map: Big Game Hunters (No-Unit-Limit) Full Custom

Players

padLA - Winner!

  • Race: Zerg Zerg
  • League: Diamond
  • Spawn Location: 9:00

osman-2

  • Race: Terran Terran
  • Spawn Location: 3:00

osman-3

  • Race: Zerg Zerg
  • Spawn Location: 1:00

osman-4

  • Race: Protoss Protoss
  • Spawn Location: 5:00

osman-5

  • Race: Terran Terran
  • Spawn Location: 12:00

osman-6

  • Race: Zerg Zerg
  • Spawn Location: 6:00

osman-7

  • Race: Protoss Protoss
  • Spawn Location: 11:00

osman-8

  • Race: Terran Terran
  • Spawn Location: 7:00

VOD

Have the link to the VOD?

Description

Time

  • Played on: March 21, 2020, 3:51 p.m.
  • Length: 23:17
Show
View Real Time Build Order
Export as new Build Order

padLA Zerg - Winner!

Build Orders: Hatch First, Lurkers 

Get SALT Encoding   

    0:03  Drone  
    0:05  Drone  
    0:11  Drone  
    0:12  Drone  
    0:17  Drone  
    0:19  Drone  
    0:22  Drone  
    0:23  Drone  
    0:28  Drone  
    0:29  Drone  
    0:36  Drone  
    0:38  Drone  
    0:48  Drone  
    0:49  Drone  
    0:55  Hatchery  
    0:58  Drone  
    0:59  Drone  
    1:11  Spawning Pool  
    1:14  Drone  
    1:15  Drone  
    1:18  Extractor  
    1:22  Drone  
    1:23  Drone  
    1:33  Hatchery  
    1:36  Drone  
    1:37  Extractor  
    1:38  Drone  
    1:41  Drone  
    1:43  Drone  
    1:51  Drone  
    1:53  Drone  
    1:57  Queen  
    1:59  Queen  
    2:04  Roach Warren, Drone  
    2:05  Drone  
    2:10  Zergling x2  
    2:12  Zergling x2  
    2:17  Drone, Metabolic Boost  
    2:18  Drone  
    2:19  Queen  
    2:20  Queen  
    2:21  Zergling x2  
    2:22  Zergling x2  
    2:26  Zergling x2  
    2:28  Zergling x2  
    2:35  Evolution Chamber  
    2:37  Lair  
    2:39  Zergling x4  
    2:40  Zergling x4  
    2:50  Drone x4  
    2:51  Drone  
    2:52  Drone x3  
    2:58  Roach x2  
    2:59  Roach x2  
    3:04  Roach, Zerg Ground Armor Level 1  
    3:05  Roach  
    3:06  Roach x2  
    3:08  Roach x2  
    3:13  Roach  
    3:14  Roach x2  
    3:15  Roach x3  
    3:23  Roach x3  
    3:24  Roach x3  
    3:27  Roach  
    3:28  Roach  
    3:31  Zergling x6, Roach  
    3:32  Zergling x6, Roach  
    3:40  Zerg Missile Weapons Level 1  
    3:42  Roach x2  
    3:43  Roach x2  
    3:47  Drone x7  
    3:48  Drone x7  
    3:51  Drone  
    3:52  Drone  
    3:53  Extractor x2  
    3:56  Queen  
    3:57  Queen  
    3:58  Zerg Melee Weapons Level 1, Queen x2  
    4:01  Glial Reconstitution  
    4:06  Drone x2  
    4:07  Drone  
    4:08  Drone x3  
    4:09  Drone x2  
    4:20  Zerg Ground Armor Level 2, Evolution Chamber  
    4:21  Roach  
    4:22  Roach, Drone x3  
    4:23  Drone x2  
    4:24  Drone x3  
    4:29  Hatchery  
    4:30  Zergling x6, Roach  
    4:31  Roach  
    4:32  Zergling x6  
    4:42  Zergling x2  
    4:43  Zergling x2  
    4:44  Zergling x4, Hydralisk Den  
    4:45  Ravager x2  
    4:46  Baneling Nest  
    4:55  Ravager x2  
    4:57  Zergling x12  
    4:58  Zergling x4  
    4:59  Zergling x8  
    5:00  Drone x3  
    5:01  Drone x2  
    5:02  Drone  
    5:03  Zerg Melee Weapons Level 2  
    5:16  Zerg Ground Armor Level 3  
    5:21  Lurker Den, Drone x6  
    5:22  Queen, Drone x3  
    5:23  Zergling x4, Queen, Drone x5  
    5:24  Zergling x4  
    5:30  Centrifical Hooks  
    5:32  Baneling x3  
    5:33  Zergling x2  
    5:34  Zergling x8  
    5:35  Zergling x10, Queen x2  
    5:37  Queen x2  
    5:47  Zergling x4  
    5:48  Zergling x10  
    5:49  Zergling x14  
    5:50  Baneling x8  
    5:51  Hatchery  
    6:00  Zerg Melee Weapons Level 3  
    6:12  Hydralisk x2  
    6:14  Hydralisk x2  
    6:18  Zergling x30, Queen x2  
    6:19  Zergling x26, Queen  
    6:20  Zergling x4, Queen x3  
    6:26  Zergling x2  
    6:27  Zergling x6, Hatchery  
    6:28  Zergling x8  
    6:41  Lurker x2  
    6:44  Lurker  
    6:45  Zergling x2, Hydralisk x2, Lurker  
    6:46  Zergling x14, Hydralisk  
    6:47  Zergling x4, Hydralisk  
    6:48  Zergling x12  
    6:50  Zergling x6  
    6:52  Zergling x6  
    6:56  Baneling x6  
    6:57  Baneling  
    7:03  Drone x2  
    7:05  Zerg Missile Weapons Level 2, Drone x2  
    7:09  Spore Crawler  
    7:11  Overlord x4, Spore Crawler  
    7:12  Overlord, Spore Crawler  
    7:13  Overlord x5  
    7:14  Spore Crawler x2  
    7:22  Pneumatized Carapace  
    7:34  Muscular Augments  
    7:47  Hydralisk x4  
    7:48  Zergling x14, Hydralisk x4  
    7:49  Zergling x2  
    7:50  Zergling x12  
    7:51  Zergling x2  
    7:52  Zergling x36  
    7:53  Zergling x24, Hatchery  
    7:54  Zergling x34, Extractor  
    7:57  Overseer  
    7:58  Overseer x3  
    8:31  Spore Crawler  
    8:33  Infestation Pit  
    8:35  Hatchery x2  
    8:39  Hydralisk x6  
    8:40  Zergling x8  
    8:41  Zergling x2, Hydralisk x6  
    8:42  Zergling x10  
    8:55  Baneling  
    9:00  Zergling x12  
    9:01  Zergling x8  
    9:02  Zergling x4  
    9:14  Hydralisk x4  
    9:15  Hydralisk x2  
    9:16  Hydralisk x2  
    9:20  Hydralisk  
    9:22  Hydralisk  
    9:26  Lurker  
    9:31  Hydralisk  
    9:32  Zergling x22, Hydralisk  
    9:33  Zergling x16  
    9:34  Zergling x6  
    9:43  Drone x4  
    9:44  Drone x10  
    9:45  Drone x14  
    9:59  Lurker x7  
    10:01  Drone  
    10:02  Zergling x20  
    10:03  Zergling x16, Queen, Drone  
    10:04  Zergling x4, Queen x4  
    10:05  Queen x5  
    10:10  Extractor, Baneling x2  
    10:13  Queen x3  
    10:14  Queen  
    10:15  Queen x4  
    10:23  Baneling x13  
    10:27  Unknown  
    10:29  Overseer x3, Zerg Missile Weapons Level 3  
    10:43  Zergling x26  
    10:44  Zergling x8  
    10:45  Zergling x30  
    10:49  Hydralisk x7  
    10:50  Zergling x22, Hydralisk x7  
    10:51  Zergling x10  
    10:52  Zergling x32  
    11:06  Hydralisk x3  
    11:07  Zergling x28, Hydralisk x2  
    11:08  Zergling x18, Hydralisk  
    11:09  Zergling x10  
    11:20  Hive  
    11:43  Lurker x2  
    11:44  Lurker x6  
    11:46  Zergling x42  
    11:47  Zergling x58  
    11:48  Zergling x56  
    11:49  Zergling x16  
    12:26  Baneling  
    12:27  Baneling x8  
    12:28  Baneling  
    12:32  Queen x3  
    12:33  Queen x3  
    12:39  Lurker x2  
    12:40  Lurker  
    12:51  Drone x7  
    12:52  Drone  
    12:53  Drone x6  
    12:56  Adrenal Glands  
    12:59  Spore Crawler  
    13:01  Spore Crawler  
    13:04  Extractor  
    13:05  Hatchery x2  
    13:06  Extractor  
    13:08  Unknown  
    13:14  Baneling x4  
    13:19  Adaptive Talons  
    13:26  Ultralisk Cavern  
    13:29  Overlord x10, Hydralisk x5  
    13:30  Overlord, Hydralisk x3  
    13:31  Overlord x9, Hydralisk x2  
    13:38  Hydralisk x5  
    13:39  Zergling x34, Hydralisk x8  
    13:40  Zergling x12, Hydralisk  
    13:41  Zergling x22, Hydralisk x2  
    13:43  Baneling x3  
    13:47  Hydralisk  
    13:48  Zergling x12, Hydralisk  
    13:49  Zergling x12  
    13:55  Overseer x4  
    14:01  Queen x5  
    14:02  Queen x4  
    14:03  Queen x5  
    14:04  Queen x2  
    14:05  Overseer  
    14:06  Overseer  
    14:09  Drone x12  
    14:10  Drone x5  
    14:11  Drone x7  
    14:19  Lurker  
    14:20  Lurker x4  
    14:29  Baneling x5  
    14:30  Baneling x4  
    14:32  Unknown  
    14:48  Hydralisk x3  
    14:49  Zergling x22  
    14:50  Zergling x20, Hydralisk x3  
    14:51  Zergling x50  
    14:52  Zergling x12  
    15:00  Extractor  
    15:01  Zergling x40  
    15:02  Zergling x18  
    15:03  Zergling x22  
    15:18  Seismic Spines  
    15:25  Queen  
    15:26  Unknown  
    15:27  Queen, Extractor x2  
    15:29  Extractor  
    15:31  Drone x3, Extractor  
    15:32  Drone x3  
    15:39  Zergling x18, Hydralisk x8  
    15:40  Zergling x18  
    15:41  Zergling x32, Hydralisk x8  
    15:44  Anabolic Synthesis  
    15:46  Grooved Spines  
    15:51  Overseer, Spire  
    15:52  Overseer  
    15:56  Baneling x11  
    15:57  Baneling x4  
    16:04  Hydralisk x5  
    16:05  Zergling x16, Hydralisk x4  
    16:06  Zergling x14, Hydralisk  
    16:07  Zergling x2  
    16:24  Overseer  
    16:25  Overseer x6  
    16:28  Drone x6  
    16:29  Drone x6  
    16:31  Hydralisk x8  
    16:32  Hatchery, Zergling x2, Overlord  
    16:33  Hydralisk x8  
    16:34  Zergling x2, Overlord  
    16:36  Hatchery  
    16:42  Zergling x6, Ultralisk  
    16:43  Zergling x6, Ultralisk  
    16:55  Hatchery  
    16:56  Zergling x4, Ultralisk  
    16:57  Zergling x2, Ultralisk  
    16:58  Zergling x2, Hatchery  
    17:01  Drone x5  
    17:02  Drone x5  
    17:10  Corruptor  
    17:11  Greater Spire, Corruptor x4  
    17:12  Corruptor x5  
    17:21  Corruptor  
    17:22  Zergling x10  
    17:23  Zergling x24, Corruptor  
    17:24  Zergling x34  
    17:31  Unknown  
    17:37  Zergling x24  
    17:38  Zergling x16  
    17:39  Zergling x36  
    17:41  Drone x10  
    17:42  Drone x9  
    17:43  Drone  
    17:51  Chitinous Plating  
    17:52  Unknown  
    18:11  Zergling x6, Ultralisk x5  
    18:12  Zergling x22, Ultralisk x2  
    18:13  Zergling x28, Ultralisk x3  
    18:14  Zergling x8  
    18:15  Zergling x8  
    18:16  Zergling x2  
    18:17  Zergling x2  
    18:21  Overlord x3  
    18:22  Overlord x3  
    18:36  Drone x6  
    18:37  Drone x6  
    18:48  Brood Lord x3  
    18:49  Brood Lord x9  
    19:03  Zergling x46  
    19:04  Zergling x34  
    19:05  Zergling x36  
    19:16  Zergling x8, Overlord x3, Ultralisk x7  
    19:17  Zergling x4, Overlord x3, Ultralisk x7  
    19:18  Zergling x4, Unknown  
    19:21  Queen  
    19:22  Queen  
    19:27  Overseer x5  
    19:49  Hydralisk x5  
    19:50  Zergling x14, Hydralisk x3, Corruptor x3  
    19:51  Hydralisk x8, Corruptor  
    19:52  Zergling x14, Hydralisk, Corruptor x2  
    19:53  Zergling x14, Hydralisk  
    19:54  Zergling x14  
    20:00  Unknown  
    20:03  Drone x3  
    20:04  Drone x3  
    20:05  Extractor  
    20:06  Overseer  
    20:07  Extractor  
    20:22  Zergling x38  
    20:23  Zergling x16  
    20:24  Zergling x22  
    20:29  Zergling x14, Hydralisk x5  
    20:30  Zergling x2, Hydralisk x5  
    20:31  Zergling x12  
    20:39  Zergling x12, Ultralisk x5  
    20:40  Zergling x2, Ultralisk  
    20:41  Zergling x14, Ultralisk x4  
    20:45  Drone x3  
    20:46  Drone x3  
    20:52  Ultralisk x2  
    20:53  Zergling x42  
    20:54  Zergling x44, Ultralisk x2  
    20:55  Zergling x46  
    21:01  Corruptor x3  
    21:02  Zergling x10  
    21:03  Brood Lord x3, Corruptor x3  
    21:04  Zergling x10, Brood Lord  
    21:13  Zergling x22, Ultralisk  
    21:14  Zergling x14, Ultralisk  
    21:15  Zergling x32  
    21:31  Ultralisk x3, Hydralisk x3  
    21:32  Zergling x12  
    21:33  Zergling x30, Ultralisk x3, Hydralisk x4  
    21:34  Zergling x40, Hydralisk  
    21:35  Zergling x2  
    21:44  Queen  
    21:45  Zergling x6  
    21:46  Zergling x26, Queen  
    21:47  Zergling x32  
    21:48  Spire  
    21:57  Unknown  
    22:02  Zergling x16, Ultralisk x3  
    22:03  Zergling x40, Ultralisk  
    22:04  Zergling x48, Ultralisk x2  
    22:05  Zergling x8  
    22:18  Brood Lord x3  
    22:23  Zergling x12, Ultralisk x3  
    22:24  Zergling x10, Ultralisk  
    22:25  Zergling x22, Ultralisk x2  
    22:27  Zergling x4, Ultralisk  
    22:29  Zergling x4, Ultralisk  
    22:32  Overlord  
    22:33  Overlord  
    22:48  Corruptor x2  
    22:49  Zergling x14, Hydralisk x2  
    22:50  Zergling x14  
    22:51  Zergling x24, Hydralisk x2  
Show
View Real Time Build Order
Export as new Build Order

osman-2 Terran 

Build Orders:  

Get SALT Encoding   

    0:01  SCV  
    0:02  SCV  
    0:13  SCV  
    0:14  SCV  
    0:21  Supply Depot  
    0:25  SCV  
    0:26  SCV  
    0:39  Barracks  
    0:44  Refinery  
    0:58  SCV  
    0:59  SCV, Barracks  
    1:26  Marine  
    1:28  Marine  
    1:32  Orbital Command, Barracks  
    1:44  Marine  
    1:45  Supply Depot  
    1:46  Marine x2  
    1:47  Marine  
    1:58  SCV  
    1:59  SCV  
    2:02  Marine  
    2:03  Marine x2  
    2:05  Marine  
    2:21  Supply Depot, Marine  
    2:22  Marine  
    2:40  Marine  
    2:42  Supply Depot, Marine  
    2:49  SCV  
    2:51  SCV  
    2:57  Supply Depot, Marine  
    2:58  Marine  
    3:37  SCV  
    3:38  SCV  
    3:39  Refinery  
    3:45  Supply Depot  
    3:49  SCV  
    3:50  SCV  
    4:01  SCV  
    4:02  SCV  
    4:32  Supply Depot  
    4:42  Barracks Tech Lab  
    4:44  SCV, Refinery  
    4:45  SCV  
    4:47  Engineering Bay  
    4:48  Marine  
    4:50  Refinery, Marine  
    4:53  Marine  
    4:54  Marine  
    4:56  SCV  
    4:57  SCV  
    5:00  Marine  
    5:01  Marine, Barracks  
    5:04  Engineering Bay  
    5:06  Marine  
    5:07  Marine  
    5:08  SCV  
    5:09  SCV  
    5:11  Marine  
    5:12  Marine  
    5:18  Marauder  
    5:19  Marauder  
    5:20  SCV  
    5:21  SCV  
    5:25  Missile Turret  
    5:32  SCV  
    5:33  SCV  
    5:39  Marauder  
    5:41  Marauder  
    5:44  SCV  
    5:45  SCV, Factory  
    5:56  SCV, Stimpack  
    5:58  SCV  
    6:01  Missile Turret, Marauder  
    6:02  Marauder  
    6:08  SCV  
    6:10  SCV  
    6:20  SCV  
    6:22  SCV, Marauder  
    6:24  Marauder  
    6:29  Hellion  
    6:30  Hellion  
    6:33  SCV  
    6:34  SCV, Missile Turret  
    6:40  Barracks Tech Lab  
    6:44  Marauder  
    6:45  SCV, Marauder  
    6:46  SCV  
    6:50  Hellion  
    6:51  Hellion  
    6:52  Barracks Reactor  
    6:57  SCV  
    6:58  SCV  
    6:59  Marauder  
    7:00  Marauder  
    7:05  Marauder  
    7:06  Marauder  
    7:09  SCV, Marine  
    7:10  Marine  
    7:11  SCV, Hellion  
    7:13  Hellion  
    7:17  Starport  
    7:20  Marauder  
    7:22  Marauder  
    7:23  SCV  
    7:25  SCV  
    7:26  Marine  
    7:27  Marine  
    7:28  Marine  
    7:30  Marine x2, Barracks  
    7:31  Marine x2  
    7:33  Marine  
    7:34  Hellion  
    7:36  Hellion  
    7:41  Marauder  
    7:43  SCV, Marauder  
    7:44  Marauder  
    7:45  SCV  
    7:46  Marauder, Marine  
    7:48  Marine  
    7:51  Marine  
    7:52  Marine x2  
    7:54  Marine  
    7:56  SCV, Hellion, Medivac  
    7:57  Hellion, Medivac  
    7:58  SCV  
    8:00  Armory  
    8:03  Marauder  
    8:04  Marauder  
    8:05  Marine  
    8:06  Marine  
    8:07  Marauder  
    8:08  Marauder  
    8:09  SCV, Marine  
    8:10  SCV  
    8:11  Marine  
    8:13  Marine  
    8:14  Armory, Marine  
    8:17  Hellion  
    8:18  Hellion  
    8:25  SCV, Marine  
    8:26  SCV, Starport Reactor  
    8:27  Marine x2  
    8:28  Marauder, Marine  
    8:29  Marine  
    8:30  Marauder, Marine  
    8:32  Marine  
    8:33  Marine  
    8:35  Marine  
    8:37  Marine  
    8:38  Hellion  
    8:40  Hellbat  
    8:43  Marine  
    8:44  Marine  
    8:45  Marine  
    8:46  Marine  
    9:03  Factory Tech Lab  
    9:04  Medivac  
    9:05  Medivac  
    9:21  Hellion  
    9:23  Hellbat  
    9:43  Hellion  
    9:44  Hellion  
    10:01  Marauder  
    10:02  Marine  
    10:03  Marauder  
    10:04  Hellion, Marine  
    10:05  Hellbat  
    10:11  Marine  
    10:12  Marine  
    10:14  Marine  
    10:15  Marine  
    10:17  Marine  
    10:18  Marine  
    10:21  Medivac  
    10:22  Medivac  
    10:23  Viking  
    10:24  Viking  
    10:25  Siege Tank  
    10:27  Marine, Siege Tank  
    10:28  Marine  
    10:29  Marine  
    10:31  Marine  
    10:33  Marine  
    10:35  Marine  
    10:36  Marine  
    10:38  Marine  
    10:40  Marine  
    10:41  Marine  
    10:42  Marine  
    10:44  Marine  
    10:46  Marine  
    10:47  Marine  
    10:51  Viking  
    10:52  Viking  
    10:55  Marauder  
    10:56  Marauder  
    10:57  Hellion  
    10:59  Hellbat  
    11:04  Marauder  
    11:05  Viking  
    11:06  Viking, Marauder  
    11:16  Marauder  
    11:18  Marauder  
    11:19  Siege Tank  
    11:20  Siege Tank  
    11:26  Marauder  
    11:27  Marauder  
    11:28  Viking  
    11:30  Viking  
    11:51  Hellion  
    11:52  Hellbat  
    11:54  Factory  
    12:12  Hellion  
    12:14  Hellbat  
    12:15  Starport  
    12:34  Hellion  
    12:35  Hellbat  
    12:38  Hellion  
    12:39  Hellbat  
    12:55  Widow Mine, Factory  
    12:56  Starport Tech Lab  
    12:57  Widow Mine  
    12:59  Hellion  
    13:01  Hellbat  
    13:16  Cyclone  
    13:18  Cyclone  
    13:21  Raven  
    13:22  Factory Tech Lab  
    13:23  Raven  
    13:40  Hellion  
    13:42  Hellbat, Widow Mine  
    13:43  Widow Mine  
    13:49  Widow Mine  
    13:50  Widow Mine  
    14:03  Siege Tank  
    14:04  Raven, Siege Tank  
    14:05  Marauder  
    14:06  Raven, Marauder x2  
    14:08  Marauder  
    14:10  Siege Tank  
    14:11  Siege Tank  
    14:20  Ghost Academy  
    14:33  Liberator  
    14:34  Liberator  
    14:35  Siege Tank  
    14:36  Siege Tank  
    14:42  Siege Tank  
    14:43  Siege Tank  
    14:55  Ghost  
    14:57  Ghost  
    15:07  Siege Tank  
    15:08  Siege Tank  
    15:14  Siege Tank  
    15:15  Siege Tank  
    15:39  Siege Tank  
    15:40  Siege Tank  
    15:46  Siege Tank  
    15:47  Siege Tank  
    16:07  Viking  
    16:08  Viking  
    16:11  Cyclone  
    16:12  Cyclone  
    16:15  Hellion  
    16:17  Hellbat  
    16:18  Siege Tank  
    16:20  Siege Tank  
    16:26  Medivac  
    16:27  Medivac  
    16:34  Viking  
    16:35  Viking  
    16:37  Hellion  
    16:38  Hellbat  
    16:41  Viking  
    16:42  Viking  
    16:43  Thor  
    16:44  Thor  
    16:50  Hellion  
    16:52  Hellbat  
    17:00  Widow Mine  
    17:02  Widow Mine  
    17:12  Siege Tank  
    17:13  Siege Tank  
    17:26  Cyclone  
    17:27  Cyclone  
    17:44  Siege Tank  
    17:45  Siege Tank  
    17:58  Siege Tank  
    17:59  Siege Tank  
    18:15  Thor  
    18:17  Thor  
    18:25  Widow Mine  
    18:26  Widow Mine  
    18:31  Marauder  
    18:33  Marauder  
    18:39  SCV  
    18:43  Marine  
    18:54  Factory  
Show
View Real Time Build Order
Export as new Build Order

osman-3 Zerg 

Build Orders: 1 Base Baneling Bust, Pool First 

Get SALT Encoding   

    0:01  Drone  
    0:02  Drone  
    0:08  Drone  
    0:09  Drone  
    0:34  Spawning Pool  
    0:35  Extractor  
    0:38  Drone  
    0:40  Drone  
    1:21  Zergling x6, Queen  
    1:22  Zergling x6, Queen  
    1:31  Zergling x2  
    1:33  Zergling x2, Overlord  
    1:35  Overlord  
    1:53  Zergling x2  
    1:54  Zergling x2, Unknown  
    2:04  Zergling x2  
    2:05  Zergling x2  
    2:15  Zergling x2  
    2:16  Zergling x2  
    2:25  Zergling x2  
    2:27  Zergling x2  
    2:28  Zergling x2, Drone x2  
    2:29  Drone  
    2:30  Zergling x2, Drone  
    2:37  Drone  
    2:38  Drone  
    2:39  Overlord  
    2:40  Overlord  
    2:47  Roach Warren  
    2:50  Extractor  
    2:57  Drone x2  
    2:58  Drone  
    2:59  Drone  
    3:37  Drone  
    3:38  Drone  
    3:39  Drone x2, Extractor  
    3:40  Drone x3  
    3:42  Drone x2  
    3:43  Drone x2  
    3:44  Drone, Extractor  
    3:52  Drone  
    3:53  Drone  
    3:54  Drone  
    3:56  Drone  
    3:57  Drone  
    3:58  Drone x2  
    3:59  Drone  
    4:03  Drone  
    4:05  Unknown, Drone  
    4:14  Roach  
    4:16  Roach  
    4:19  Evolution Chamber  
    4:24  Roach, Drone  
    4:25  Drone x2  
    4:26  Evolution Chamber, Roach, Drone  
    4:27  Roach  
    4:29  Roach  
    4:39  Roach  
    4:40  Roach  
    4:49  Lair, Drone  
    4:51  Drone x2  
    4:52  Drone x2  
    4:53  Drone x2  
    4:54  Drone  
    5:01  Drone  
    5:02  Drone  
    5:11  Drone  
    5:12  Unknown, Drone  
    5:20  Drone  
    5:21  Drone  
    5:22  Drone  
    5:23  Drone x2  
    5:24  Drone x2  
    5:25  Drone  
    5:36  Roach  
    5:37  Roach  
    5:39  Spine Crawler  
    5:42  Zerg Melee Weapons Level 1  
    5:43  Zerg Missile Weapons Level 1, Baneling Nest  
    5:46  Roach  
    5:48  Roach x2  
    5:50  Roach  
    5:51  Roach  
    5:52  Roach x2  
    5:53  Roach, Hydralisk Den  
    5:58  Roach  
    6:00  Roach  
    6:06  Hatchery  
    6:08  Roach  
    6:09  Roach  
    6:11  Queen  
    6:13  Queen  
    6:20  Ravager  
    6:21  Ravager  
    6:22  Hydralisk  
    6:23  Hydralisk  
    6:31  Hydralisk, Baneling  
    6:33  Hydralisk, Baneling  
    6:35  Baneling  
    6:36  Baneling  
    6:38  Metabolic Boost  
    6:39  Spine Crawler  
    6:40  Baneling  
    6:42  Baneling  
    6:44  Baneling x2  
    6:47  Queen, Baneling  
    6:48  Queen, Baneling  
    6:49  Baneling  
    6:52  Zergling x2  
    6:53  Zergling x2  
    7:03  Centrifical Hooks  
    7:05  Overseer  
    7:07  Glial Reconstitution  
    7:16  Baneling  
    7:18  Baneling  
    7:20  Baneling  
    7:21  Baneling  
    7:23  Baneling  
    7:24  Baneling  
    7:25  Baneling  
    7:32  Zergling x2  
    7:33  Zergling  
    7:35  Zergling x2  
    7:36  Zergling  
    7:44  Hatchery  
    7:45  Drone  
    7:47  Drone  
    7:49  Baneling  
    7:50  Unknown  
    7:51  Roach  
    7:53  Unknown, Roach, Baneling  
    7:54  Infestation Pit, Roach  
    7:55  Roach  
    7:56  Roach  
    7:57  Evolution Chamber, Roach, Baneling  
    7:58  Drone  
    7:59  Drone  
    8:00  Roach  
    8:01  Roach x2  
    8:02  Roach, Drone  
    8:04  Drone, Baneling  
    8:06  Roach  
    8:07  Spine Crawler, Roach x2  
    8:08  Roach  
    8:09  Roach  
    8:10  Roach, Hydralisk  
    8:12  Hydralisk  
    8:13  Roach  
    8:14  Zergling x2, Roach  
    8:15  Zergling x2, Hydralisk  
    8:16  Hydralisk  
    8:17  Ravager  
    8:20  Ravager  
    8:33  Infestor  
    8:34  Infestor  
    8:35  Baneling  
    8:36  Baneling  
    8:37  Baneling  
    8:38  Infestor  
    8:40  Infestor  
    8:43  Zergling x2  
    8:45  Zergling  
    8:51  Hydralisk  
    8:53  Hydralisk  
    8:54  Hydralisk  
    8:56  Spore Crawler, Hydralisk, Overseer  
    8:59  Hydralisk  
    9:01  Hydralisk  
    9:02  Unknown, Baneling  
    9:04  Baneling  
    9:05  Hydralisk  
    9:06  Hydralisk  
    9:09  Hatchery  
    9:11  Hydralisk  
    9:12  Hydralisk  
    9:16  Hydralisk  
    9:17  Hydralisk  
    9:21  Hydralisk  
    9:22  Hydralisk  
    9:26  Hydralisk  
    9:28  Hydralisk  
    9:32  Spore Crawler  
    9:34  Drone  
    9:35  Hydralisk, Drone  
    9:36  Hydralisk  
    10:04  Spore Crawler  
    10:24  Drone  
    10:25  Drone x2  
    10:27  Drone x2  
    10:28  Drone  
    10:35  Spore Crawler  
    10:43  Lurker Den  
    10:59  Infestor  
    11:00  Infestor  
    11:21  Infestor  
    11:22  Infestor  
    11:23  Overseer  
    12:04  Hive  
    13:38  Ultralisk Cavern  
    14:28  Ultralisk  
    14:30  Ultralisk x2  
    14:31  Ultralisk x2  
    14:33  Ultralisk x2  
    14:34  Ultralisk x2  
    14:35  Ultralisk  
    15:01  Hydralisk, Lurker  
    15:02  Hydralisk  
    15:11  Ultralisk  
    15:13  Ultralisk  
    15:31  Ultralisk  
    15:33  Ultralisk  
    15:54  Overseer  
    16:40  Ultralisk  
    16:42  Ultralisk  
    16:46  Ultralisk  
    16:48  Ultralisk x2  
    16:49  Ultralisk  
    16:50  Ultralisk  
    16:52  Ultralisk  
    17:19  Ultralisk  
    17:21  Ultralisk  
    17:59  Spire  
    18:04  Drone  
    18:05  Drone  
    19:12  Mutalisk  
    19:13  Mutalisk x2  
    19:14  Mutalisk  
    19:15  Mutalisk x3  
    19:16  Mutalisk x2  
    19:17  Mutalisk  
    19:18  Mutalisk  
    19:19  Mutalisk  
    19:22  Mutalisk  
    19:23  Mutalisk x2  
    19:25  Mutalisk  
    19:37  Mutalisk  
    19:38  Mutalisk  
    19:52  Mutalisk  
    19:54  Mutalisk  
    19:56  Mutalisk  
    19:58  Mutalisk x2  
    19:59  Mutalisk, Corruptor  
    20:00  Corruptor  
    20:01  Corruptor  
    20:02  Corruptor x2  
    20:03  Corruptor x2  
    20:04  Corruptor  
    20:12  Corruptor  
    20:13  Corruptor  
    20:26  Corruptor  
    20:28  Corruptor  
    20:36  Corruptor  
    20:37  Corruptor x2  
    20:38  Corruptor x2  
    20:39  Corruptor  
    20:46  Corruptor  
    20:47  Corruptor  
    21:00  Corruptor  
    21:02  Corruptor  
    21:40  Mutalisk  
    21:41  Mutalisk x2  
    21:43  Mutalisk, Corruptor  
    21:44  Mutalisk, Corruptor  
    21:45  Corruptor  
    21:46  Mutalisk  
    21:47  Corruptor  
    21:48  Corruptor  
    21:49  Corruptor x2  
    21:50  Corruptor x3  
    21:51  Corruptor x2  
    21:52  Corruptor x2  
    21:55  Corruptor  
    21:56  Corruptor  
    22:05  Zergling x2  
    22:07  Zergling x2  
    22:10  Viper  
    22:12  Viper  
    22:14  Zergling x2  
    22:16  Zergling x2  
    22:24  Baneling  
    22:25  Baneling x2  
    22:26  Baneling  
    22:28  Hydralisk  
    22:29  Viper  
    22:30  Hydralisk x3  
    22:31  Viper, Hydralisk x4  
    22:32  Hydralisk x2  
    22:34  Hydralisk, Baneling x3  
    22:35  Hydralisk  
    22:36  Mutalisk  
    22:37  Zergling x4  
    22:38  Roach, Drone x2  
    22:39  Drone x2  
    22:40  Drone  
    22:41  Drone  
    22:42  Roach, Drone x2  
    22:43  Drone  
    22:52  Drone  
    22:55  Unknown  
    22:58  Drone  
Show
View Real Time Build Order
Export as new Build Order

osman-4 Protoss 

Build Orders:  

Get SALT Encoding   

    0:01  Probe  
    0:02  Probe  
    0:13  Probe  
    0:15  Probe  
    0:23  Pylon  
    0:24  Probe  
    0:25  Probe  
    0:40  Gateway  
    0:44  Assimilator  
    0:50  Probe  
    0:52  Probe  
    0:53  Pylon  
    0:59  Probe  
    1:00  Probe  
    1:28  Cybernetics Core, Zealot  
    1:30  Zealot, Gateway  
    1:33  Probe  
    1:34  Probe, Pylon  
    1:45  Probe  
    1:46  Probe  
    1:50  Zealot  
    1:52  Zealot  
    2:14  Gateway  
    2:19  Gateway  
    2:49  Pylon  
    3:31  Probe  
    3:32  Probe  
    3:38  Pylon  
    4:50  Pylon  
    4:52  Assimilator  
    5:08  Zealot  
    5:09  Zealot  
    5:21  Zealot  
    5:23  Zealot  
    5:31  Pylon  
    5:45  Probe, Zealot x2  
    5:46  Probe, Zealot  
    5:47  Zealot x2  
    5:48  Zealot x2, Assimilator  
    5:50  Zealot  
    5:51  Forge  
    5:57  Probe  
    5:58  Probe  
    6:06  Zealot  
    6:08  Zealot  
    6:09  Probe  
    6:10  Probe  
    6:12  Zealot, Gateway  
    6:13  Zealot  
    6:14  Zealot  
    6:15  Zealot  
    6:16  Zealot  
    6:17  Zealot  
    6:21  Probe  
    6:23  Probe  
    6:27  Zealot  
    6:28  Assimilator  
    6:29  Zealot  
    6:33  Probe  
    6:34  Forge  
    6:35  Probe  
    6:39  Twilight Council, Zealot  
    6:41  Zealot  
    6:45  Probe  
    6:47  Probe  
    6:57  Probe  
    6:59  Probe  
    7:10  Probe, Photon Cannon  
    7:11  Probe  
    7:19  Probe  
    7:20  Probe, Dark Shrine  
    7:25  Adept  
    7:27  Probe, Adept  
    7:28  Probe  
    7:30  Stalker  
    7:31  Stalker  
    7:33  Stalker  
    7:34  Stalker  
    7:35  Probe, Robotics Facility  
    7:36  Probe  
    7:39  Stalker  
    7:40  Stalker  
    7:42  Stalker  
    7:43  Stalker, Gateway  
    7:46  Probe  
    7:47  Probe  
    7:52  Photon Cannon  
    7:58  Probe  
    7:59  Probe  
    8:04  Sentry  
    8:06  Sentry  
    8:10  Probe  
    8:11  Probe  
    8:15  Sentry  
    8:16  Sentry  
    8:22  Probe, Observer  
    8:24  Probe, Observer  
    8:31  Stalker  
    8:32  Stalker, Dark Templar  
    8:33  Dark Templar  
    8:34  Probe  
    8:35  Dark Templar  
    8:36  Probe, Dark Templar  
    8:39  Warp Gate  
    8:40  Photon Cannon  
    8:43  Warp Prism  
    8:44  Warp Prism  
    8:46  Probe  
    8:48  Probe  
    8:58  Probe  
    9:00  Probe  
    9:07  Stalker  
    9:09  Stalker  
    9:10  Immortal  
    9:12  Immortal  
    9:23  Archon  
    9:46  Immortal  
    9:48  Immortal, Templar Archives  
    9:59  Zealot  
    10:00  Zealot  
    10:01  High Templar  
    10:03  Zealot  
    10:04  Zealot  
    10:05  Stalker, Zealot x2  
    10:06  Zealot  
    10:07  Zealot x2  
    10:08  Zealot  
    10:09  Zealot  
    10:10  Zealot  
    10:12  Stalker  
    10:13  Stalker  
    10:15  Adept  
    10:16  Stalker  
    10:22  Stalker  
    10:33  Stalker  
    10:35  Stalker  
    10:37  Robotics Bay  
    10:38  Stalker, High Templar  
    10:40  Stalker  
    10:42  Stalker  
    10:43  Adept, High Templar  
    10:44  Stalker, Forge  
    10:51  Stalker  
    11:04  Stalker  
    11:06  Stalker  
    11:15  Colossus  
    11:17  Colossus  
    11:20  High Templar  
    11:25  Archon  
    12:08  Disruptor  
    12:09  Disruptor  
    12:11  Archon  
    12:33  Disruptor  
    12:34  Disruptor  
    13:00  Stalker  
    13:02  Stalker  
    13:05  Stalker  
    13:07  Adept  
    13:08  Stalker, Disruptor  
    13:10  Stalker, Disruptor  
    13:26  Stalker  
    13:28  Stalker x2  
    13:31  Stalker  
    13:34  Stalker  
    13:36  Adept  
    13:37  Stalker  
    13:38  Stalker  
    13:44  Disruptor  
    13:45  Disruptor  
    13:55  Stalker  
    13:57  Stalker  
    14:18  Sentry  
    14:20  Disruptor  
    14:21  Disruptor  
    14:42  Sentry  
    14:55  Colossus  
    14:56  Colossus  
    15:38  Disruptor  
    15:39  Disruptor  
    15:47  Adept  
    15:48  Stalker  
    15:51  Stalker  
    15:53  Stalker  
    15:55  Stalker  
    15:56  Stalker  
    16:08  Stalker  
    16:12  Colossus  
    16:14  Stalker, Colossus  
    16:15  Adept  
    16:17  Stalker x2  
    16:20  Stalker  
    16:21  Stalker  
    16:23  Stalker  
    16:24  Stalker  
    16:37  Stalker  
    16:43  Stalker  
    16:45  Stalker  
    17:06  Disruptor  
    17:07  Disruptor  
    17:18  Sentry  
    17:35  Disruptor  
    17:37  Disruptor  
    17:43  Sentry  
    18:05  Colossus  
    18:06  Colossus  
    18:46  Colossus  
    18:48  Colossus  
    19:20  Stargate  
    19:26  Adept  
    19:29  High Templar  
    19:30  High Templar  
    19:33  Sentry  
    19:40  Disruptor  
    19:41  Disruptor  
    19:55  Adept  
    19:57  Sentry  
    20:03  Stalker  
    20:07  Stalker, High Templar  
    20:08  High Templar  
    20:09  Void Ray  
    20:10  Void Ray  
    20:15  Colossus  
    20:17  Colossus  
    20:25  High Templar  
    20:27  Adept  
    20:31  High Templar  
    20:32  Stalker  
    20:36  Stalker  
    20:43  Void Ray  
    20:44  Stalker  
    20:45  Void Ray  
    20:49  Stalker  
    20:51  Zealot  
    20:54  Zealot  
    20:56  Adept  
    21:03  High Templar  
    21:08  High Templar  
    21:13  Stalker  
    21:16  Zealot x2  
    21:18  Stalker  
    21:20  Zealot  
    21:34  Probe  
    21:42  Zealot  
Show
View Real Time Build Order
Export as new Build Order

osman-5 Terran 

Build Orders:  

Get SALT Encoding   

    0:01  SCV  
    0:03  SCV  
    0:13  SCV  
    0:15  SCV  
    0:22  Supply Depot  
    0:25  SCV  
    0:27  SCV  
    0:41  Barracks  
    0:45  Refinery  
    0:59  SCV  
    1:00  Barracks  
    1:01  SCV  
    1:29  Marine  
    1:30  Marine  
    1:32  Orbital Command, Barracks  
    1:45  Supply Depot  
    1:47  Marine x2  
    1:48  Marine x2  
    1:57  SCV  
    1:59  SCV  
    2:04  Marine x2  
    2:06  Marine x2  
    2:18  Supply Depot  
    2:20  Marine  
    2:21  Marine  
    2:37  Marine  
    2:39  Marine  
    2:40  Supply Depot  
    2:46  SCV  
    2:47  SCV  
    2:53  Marine  
    2:55  Supply Depot, Marine  
    3:29  Marine x3  
    3:30  Marine x2  
    3:31  Marine  
    3:37  SCV  
    3:38  SCV  
    3:39  Refinery  
    3:43  Supply Depot  
    3:46  Marine  
    3:48  Marine  
    3:49  SCV  
    3:50  SCV  
    4:01  SCV  
    4:02  SCV  
    4:39  Supply Depot  
    4:42  Barracks Tech Lab  
    4:46  SCV  
    4:47  SCV, Refinery  
    4:49  Engineering Bay  
    4:53  Refinery  
    4:58  SCV  
    4:59  SCV  
    5:02  Marauder  
    5:03  Marauder  
    5:04  Barracks  
    5:08  Engineering Bay  
    5:10  SCV  
    5:11  SCV  
    5:22  SCV  
    5:23  SCV, Marauder  
    5:24  Marauder  
    5:25  Missile Turret  
    5:34  SCV  
    5:35  SCV  
    5:39  Marine  
    5:41  Marine  
    5:44  Marauder  
    5:46  SCV, Marauder, Factory  
    5:48  SCV  
    5:55  Missile Turret  
    5:58  SCV  
    6:00  SCV  
    6:05  Stimpack  
    6:06  Marauder  
    6:07  Marauder  
    6:10  SCV  
    6:12  SCV  
    6:22  SCV  
    6:24  SCV  
    6:27  Marauder  
    6:29  Missile Turret, Marauder  
    6:32  Hellion  
    6:33  Hellion  
    6:35  SCV  
    6:36  SCV  
    6:47  SCV  
    6:48  SCV  
    6:49  Marauder  
    6:50  Marauder  
    6:53  Hellion  
    6:55  Hellion, Barracks Tech Lab  
    6:59  SCV  
    7:00  Barracks Reactor, SCV  
    7:05  Marine  
    7:06  Marine  
    7:10  Marauder  
    7:11  SCV, Marauder  
    7:12  SCV  
    7:15  Hellion  
    7:16  Hellion  
    7:17  Marauder  
    7:19  Marauder  
    7:23  Marine  
    7:24  Marine  
    7:26  SCV  
    7:27  SCV  
    7:31  Marine  
    7:32  Marine  
    7:35  Starport  
    7:36  Hellion  
    7:37  Hellion, Marine  
    7:39  Marauder, Marine  
    7:40  Marauder  
    7:45  SCV  
    7:46  Marine  
    7:47  SCV  
    7:48  Marine  
    7:49  Marauder, Marine  
    7:51  Marauder, Marine  
    7:55  Marine  
    7:56  Marine  
    7:57  Armory, Hellion  
    7:59  Hellion  
    8:00  Marauder  
    8:01  Marauder  
    8:04  Marine  
    8:06  Marine  
    8:07  SCV  
    8:08  Marine  
    8:09  SCV  
    8:10  Marauder, Marine  
    8:12  Marauder  
    8:13  Armory, Marine  
    8:14  Marine  
    8:17  Starport Reactor  
    8:19  Hellion  
    8:20  Hellion  
    8:21  Marauder  
    8:23  Marauder  
    8:24  Marine  
    8:26  Marine  
    8:31  Marine  
    8:32  Marauder, Marine  
    8:33  Marauder  
    8:40  Factory Tech Lab  
    8:54  Medivac  
    8:55  Medivac  
    8:59  Hellion  
    9:00  Hellbat  
    9:20  Hellion  
    9:21  Hellbat  
    9:24  Marine  
    9:26  Marine  
    9:27  Marine  
    9:28  Marine  
    9:34  Marine  
    9:36  Marine  
    9:37  Marine  
    9:38  Marine  
    9:40  Marine  
    9:41  Marine, Siege Tank  
    9:42  Marine  
    9:43  Marine, Siege Tank  
    9:46  Marine  
    9:47  Marine  
    10:01  Marauder  
    10:03  Marauder  
    10:04  Marauder  
    10:06  Marauder  
    10:13  Hellion  
    10:15  Hellbat  
    10:23  Marauder  
    10:24  Marauder  
    10:33  Marauder  
    10:34  Marauder  
    10:35  Siege Tank  
    10:36  Siege Tank  
    10:50  Medivac  
    10:51  Medivac  
    11:07  Hellion  
    11:08  Hellbat  
    11:09  Marine  
    11:10  Marine x2  
    11:12  Marine  
    11:13  Marine  
    11:15  Marine  
    11:22  Factory  
    11:28  Hellion  
    11:30  Hellbat  
    11:37  Starport  
    11:49  Siege Tank  
    11:51  Siege Tank  
    12:08  Hellion  
    12:10  Hellbat  
    12:15  Starport Tech Lab  
    12:16  Liberator  
    12:18  Liberator  
    12:22  Widow Mine  
    12:23  Widow Mine  
    12:24  Medivac  
    12:26  Medivac  
    12:30  Hellion  
    12:31  Hellbat  
    12:32  Barracks Tech Lab  
    12:37  Liberator  
    12:39  Liberator  
    12:43  Hellion  
    12:45  Hellbat  
    12:52  Factory Tech Lab  
    12:54  Viking  
    12:56  Viking  
    13:05  Widow Mine  
    13:06  Widow Mine  
    13:09  Ghost Academy  
    13:10  Hellion  
    13:12  Hellbat  
    13:13  Marauder  
    13:15  Marauder  
    13:16  Marauder  
    13:18  Viking, Marauder  
    13:20  Viking  
    13:22  Viking  
    13:23  Viking  
    13:24  Barracks  
    13:26  Siege Tank  
    13:27  Siege Tank  
    13:32  Hellion  
    13:33  Hellbat  
    13:43  Ghost  
    13:45  Ghost  
    13:51  Raven  
    13:53  Raven, Siege Tank  
    13:54  Siege Tank  
    13:58  Siege Tank  
    13:59  Siege Tank  
    14:25  Cyclone  
    14:26  Cyclone  
    14:30  Siege Tank  
    14:31  Siege Tank  
    14:34  Raven  
    14:49  Marauder  
    14:50  Marauder  
    14:51  Marauder, Marine  
    14:52  Marauder, Marine x2  
    14:53  Marine  
    14:54  Marine  
    14:55  Marine  
    14:56  SCV  
    14:57  Marine, Siege Tank  
    14:58  SCV, Siege Tank  
    15:02  Widow Mine  
    15:10  Marine  
    15:11  Marine  
    15:12  Marauder x2  
    15:13  Marauder  
    15:14  SCV, Marauder  
    15:15  SCV  
    15:26  SCV  
    15:27  SCV  
    15:29  Hellion  
    15:31  Hellbat  
    15:32  Marauder, Missile Turret  
    15:35  Marine  
    15:37  Marine  
    15:51  SCV, Widow Mine  
    15:52  SCV, Widow Mine  
    15:54  Marauder  
    16:03  SCV  
    16:04  SCV  
    16:12  Hellion  
    16:14  Hellbat  
    16:34  Hellion  
    16:35  Hellbat  
    16:36  Missile Turret  
    17:02  Supply Depot  
    17:15  Supply Depot  
    17:24  Command Center  
    18:35  SCV  
    18:37  SCV  
    18:39  Refinery  
    18:47  SCV  
    18:49  SCV  
    18:56  Barracks  
    19:00  SCV  
    19:01  SCV  
    19:03  Refinery  
    19:07  Refinery  
    19:12  SCV  
    19:13  SCV  
    19:14  Engineering Bay  
    19:24  SCV  
    19:25  SCV  
    19:27  Refinery  
    19:36  SCV  
    19:37  SCV, Barracks  
    19:43  Marine  
    19:44  Engineering Bay  
    19:45  Marine  
    19:48  SCV  
    19:49  SCV  
    19:51  Factory  
    20:00  SCV  
    20:01  SCV, Marine  
    20:03  Marine  
    20:04  Missile Turret  
    20:11  Ghost Academy  
    20:12  SCV  
    20:14  SCV  
    20:19  Barracks Tech Lab  
    20:24  SCV, Marine  
    20:25  Marine  
    20:26  SCV  
    20:35  Hellion  
    20:36  SCV, Hellion, Missile Turret  
    20:38  SCV, Marine  
    20:39  Marine  
    20:42  Marine  
    20:43  Marine  
    20:46  Starport  
    20:48  SCV  
    20:50  SCV  
    20:53  Barracks  
    20:56  Hellion, Marine  
    20:57  Marine  
    20:58  Hellion  
    21:00  Marine  
    21:01  Marine  
    21:02  SCV  
    21:03  SCV  
    21:07  Factory  
    21:14  Marauder  
    21:15  Marauder, Orbital Command  
    21:17  Marine  
    21:19  Marine, Factory Tech Lab  
    21:22  Liberator  
    21:24  Liberator  
    21:27  Armory  
    21:30  Fusion Core  
    21:35  Marine x2  
    21:36  Marine  
    21:37  Marine  
    21:38  Hellion  
    21:40  Barracks Reactor, Hellion  
    21:41  SCV  
    21:43  SCV  
    21:51  Hellion  
    21:53  SCV, Hellbat, Marine x2  
    21:54  Marine x2  
    21:55  SCV, Barracks  
    22:02  Factory  
    22:05  Starport Tech Lab  
    22:07  SCV  
    22:11  Barracks Tech Lab  
Show
View Real Time Build Order
Export as new Build Order

osman-6 Zerg 

Build Orders: Pool First 

Get SALT Encoding   

    0:01  Drone  
    0:03  Drone  
    0:08  Drone  
    0:09  Drone  
    0:14  Drone  
    0:15  Drone  
    0:35  Spawning Pool  
    0:40  Drone, Extractor  
    0:42  Drone  
    0:45  Drone  
    0:47  Drone  
    0:48  Drone  
    0:50  Drone  
    1:08  Overlord  
    1:09  Overlord  
    1:15  Overlord  
    1:17  Overlord  
    1:22  Zergling x2  
    1:24  Zergling x2, Queen  
    1:26  Roach Warren, Queen  
    3:57  Zergling x2  
    3:58  Drone  
    3:59  Zergling x2, Drone  
    4:00  Drone x4  
    4:01  Drone x2, Extractor  
    4:02  Drone  
    4:03  Drone x3  
    4:04  Drone  
    4:05  Drone x2  
    4:06  Drone  
    4:07  Drone x4  
    4:08  Drone x2  
    4:09  Drone x4  
    4:10  Drone  
    4:11  Drone  
    4:15  Hatchery  
    4:18  Evolution Chamber  
    4:19  Drone  
    4:20  Drone  
    4:21  Extractor  
    4:26  Drone x2  
    4:27  Drone, Extractor  
    4:28  Drone x2  
    4:29  Drone  
    4:31  Roach  
    4:33  Roach  
    4:42  Roach  
    4:44  Roach  
    4:49  Spine Crawler  
    4:53  Drone  
    4:54  Lair, Drone x2  
    4:55  Drone x2  
    4:56  Drone x2  
    4:57  Drone  
    5:04  Drone  
    5:05  Drone  
    5:15  Roach  
    5:16  Roach  
    5:23  Zergling x2  
    5:24  Zergling x4  
    5:25  Zergling x2, Roach  
    5:26  Queen, Roach  
    5:27  Evolution Chamber  
    5:28  Queen  
    5:30  Drone  
    5:31  Drone  
    5:34  Spine Crawler  
    5:36  Drone  
    5:38  Drone  
    5:42  Roach  
    5:43  Evolution Chamber  
    5:44  Roach  
    5:46  Baneling Nest  
    5:48  Drone  
    5:49  Zerg Missile Weapons Level 1, Zerg Melee Weapons Level 1, Drone  
    5:51  Roach  
    5:52  Roach  
    5:53  Roach  
    5:54  Roach  
    5:55  Roach  
    5:56  Roach  
    5:57  Roach  
    5:59  Roach  
    6:00  Roach  
    6:01  Unknown  
    6:02  Roach  
    6:04  Roach  
    6:05  Roach x2  
    6:06  Roach  
    6:10  Hatchery  
    6:11  Roach  
    6:12  Roach x2  
    6:13  Roach  
    6:14  Infestation Pit  
    6:20  Hydralisk Den  
    6:21  Metabolic Boost  
    6:22  Drone  
    6:24  Drone  
    6:26  Zergling x2  
    6:28  Zergling x2  
    6:29  Spine Crawler  
    6:30  Drone, Zerg Ground Armor Level 1  
    6:31  Baneling  
    6:32  Drone, Baneling  
    6:33  Zerg Melee Weapons Level 2, Baneling  
    6:34  Baneling  
    6:35  Baneling x2  
    6:36  Baneling  
    6:40  Zergling x2  
    6:41  Zergling x2  
    6:42  Zergling  
    6:43  Zergling x2, Zerg Missile Weapons Level 2  
    6:44  Zergling x2  
    6:46  Zergling x2  
    6:47  Baneling  
    6:48  Zergling x2  
    6:49  Zergling x2, Baneling  
    6:50  Zergling x2  
    6:51  Zergling x4  
    6:52  Zergling x2  
    6:53  Zergling x2  
    6:54  Zergling, Infestor, Hydralisk  
    6:55  Infestor  
    6:56  Hydralisk  
    6:57  Hydralisk  
    6:58  Hydralisk  
    6:59  Unknown, Baneling x2  
    7:06  Infestor  
    7:07  Infestor, Zerg Ground Armor Level 2  
    7:08  Overseer, Baneling  
    7:10  Baneling  
    7:11  Unknown, Baneling  
    7:12  Baneling  
    7:13  Baneling  
    7:14  Baneling  
    7:16  Baneling  
    7:17  Baneling  
    7:19  Baneling  
    7:21  Hydralisk  
    7:23  Hydralisk  
    7:35  Zerg Melee Weapons Level 3, Spore Crawler, Centrifical Hooks  
    7:44  Ravager  
    7:47  Ravager  
    7:55  Zerg Missile Weapons Level 3  
    8:08  Zerg Ground Armor Level 3  
    8:16  Hatchery  
    8:20  Pathogen Glands  
    8:32  Spore Crawler  
    8:35  Drone  
    8:36  Drone  
    8:37  Hydralisk  
    8:38  Hydralisk x2  
    8:39  Hydralisk  
    8:41  Hydralisk  
    8:43  Hydralisk  
    8:47  Hydralisk  
    8:48  Hydralisk  
    8:51  Hydralisk  
    8:53  Hydralisk  
    8:56  Hydralisk  
    8:57  Hydralisk  
    9:11  Spore Crawler  
    9:19  Hydralisk  
    9:21  Hydralisk x2  
    9:22  Hydralisk  
    9:46  Spore Crawler  
    9:48  Drone  
    9:50  Drone  
    9:53  Neural Parasite  
    10:18  Glial Reconstitution  
    10:21  Pneumatized Carapace  
    10:34  Lurker Den  
    10:40  Hydralisk  
    10:42  Hydralisk x2  
    10:43  Hydralisk  
    10:45  Hydralisk  
    10:46  Hydralisk  
    10:49  Hydralisk  
    10:50  Hydralisk  
    10:55  Hydralisk  
    10:56  Hydralisk  
    10:59  Hydralisk, Baneling  
    11:00  Hydralisk  
    11:04  Baneling  
    11:08  Zergling x2  
    11:09  Zergling  
    11:13  Burrow  
    11:14  Baneling  
    11:26  Unknown, Baneling  
    11:27  Baneling  
    11:29  Zergling x2  
    11:30  Zergling x2  
    11:50  Overseer  
    11:55  Overseer  
    12:09  Lurker  
    12:25  Hive  
    12:46  Drone  
    12:47  Drone  
    13:04  Baneling  
    13:06  Baneling  
    13:24  Spire  
    13:33  Roach  
    13:34  Roach, Hydralisk  
    13:35  Hydralisk  
    13:36  Roach  
    13:37  Roach x2  
    13:38  Roach x2  
    13:40  Roach  
    13:42  Roach  
    13:43  Roach  
    13:44  Roach  
    13:45  Roach  
    13:48  Lair, Ultralisk Cavern  
    13:50  Viper, Drone  
    13:51  Drone  
    13:52  Viper  
    13:56  Hydralisk  
    13:57  Hydralisk x2  
    13:58  Hydralisk  
    14:05  Ravager  
    14:18  Ravager  
    14:39  Lurker  
    14:40  Ultralisk  
    14:41  Ultralisk  
    14:47  Ultralisk  
    14:48  Ultralisk  
    14:53  Ultralisk  
    14:55  Ultralisk  
    15:09  Ultralisk  
    15:10  Ultralisk  
    15:27  Ultralisk  
    15:29  Ultralisk  
    15:46  Ultralisk  
    15:48  Ultralisk  
    15:49  Ultralisk x2  
    16:00  Ultralisk  
    16:02  Ultralisk  
    16:05  Ultralisk  
    16:06  Ultralisk  
    16:09  Ultralisk  
    17:02  Lurker  
    17:05  Ravager  
    17:07  Ravager x2  
    17:18  Ultralisk  
    17:19  Ravager  
    17:20  Ultralisk  
    17:39  Ultralisk  
    17:40  Ultralisk  
    17:54  Ultralisk  
    17:56  Ultralisk  
    18:04  Mutalisk  
    18:06  Mutalisk  
    18:14  Mutalisk  
    18:15  Mutalisk  
    18:21  Corruptor  
    18:22  Corruptor  
    18:30  Corruptor  
    18:31  Corruptor  
    18:35  Greater Spire  
    18:54  Mutalisk  
    18:55  Mutalisk  
    19:01  Mutalisk  
    19:02  Mutalisk  
    19:10  Mutalisk  
    19:12  Mutalisk  
    19:21  Mutalisk  
    19:23  Mutalisk  
    19:42  Ultralisk  
    19:43  Zergling x2, Ultralisk  
    19:44  Zergling x2  
    19:47  Hydralisk  
    19:49  Zergling x2, Hydralisk  
    19:51  Zergling  
    19:52  Roach  
    19:53  Roach x2  
    19:54  Roach  
    19:55  Roach  
    19:56  Roach  
    19:57  Roach  
    19:58  Roach  
    20:00  Roach  
    20:01  Drone x3  
    20:02  Drone  
    20:03  Hydralisk  
    20:04  Hydralisk  
    20:06  Roach  
    20:10  Zergling x2  
    20:11  Roach  
    20:12  Drone x3  
    20:13  Drone x3  
    20:14  Drone  
    20:15  Drone  
    20:16  Drone x2  
    20:17  Drone  
Show
View Real Time Build Order
Export as new Build Order

osman-7 Protoss 

Build Orders: Archon Immortal 

Get SALT Encoding   

    0:01  Probe  
    0:02  Probe  
    0:13  Probe  
    0:14  Probe  
    0:24  Probe, Pylon  
    0:26  Probe  
    0:41  Gateway  
    0:42  Assimilator  
    0:49  Probe  
    0:51  Probe  
    0:55  Pylon  
    0:58  Probe  
    1:00  Probe  
    1:29  Zealot  
    1:30  Zealot, Gateway  
    1:34  Probe  
    1:35  Probe  
    1:36  Pylon  
    1:38  Cybernetics Core  
    1:49  Assimilator  
    1:51  Zealot  
    1:52  Probe, Zealot  
    1:54  Probe  
    2:45  Probe  
    2:46  Probe  
    2:48  Pylon  
    3:38  Pylon  
    4:02  Pylon  
    4:16  Probe  
    4:17  Probe  
    4:24  Probe  
    4:25  Probe, Gateway  
    4:27  Assimilator  
    4:30  Assimilator  
    4:32  Probe  
    4:33  Probe  
    4:43  Probe  
    4:45  Probe  
    4:56  Probe  
    4:57  Probe  
    5:07  Probe  
    5:08  Probe  
    5:09  Stalker  
    5:11  Stalker  
    5:15  Probe, Adept  
    5:17  Probe, Adept, Warp Gate, Gateway  
    5:21  Adept  
    5:22  Adept  
    5:23  Probe  
    5:25  Probe  
    5:27  Pylon  
    5:32  Probe  
    5:33  Probe  
    5:38  Robotics Facility  
    5:39  Adept  
    5:41  Adept  
    5:44  Probe  
    5:45  Probe  
    5:46  Zealot  
    5:47  Zealot  
    5:48  Pylon  
    5:51  Zealot  
    5:52  Twilight Council, Zealot  
    5:56  Probe  
    5:57  Probe  
    5:58  Pylon  
    6:01  Zealot  
    6:02  Zealot, Forge  
    6:07  Forge  
    6:08  Probe  
    6:09  Zealot  
    6:10  Probe  
    6:11  Zealot  
    6:13  Adept  
    6:14  Adept  
    6:18  Zealot  
    6:19  Zealot  
    6:20  Probe, Zealot  
    6:21  Zealot  
    6:22  Probe  
    6:32  Probe, Templar Archives  
    6:34  Probe  
    6:36  Zealot  
    6:38  Zealot  
    6:43  Zealot  
    6:44  Probe, Zealot  
    6:45  Zealot  
    6:46  Probe, Sentry  
    6:47  Zealot x2  
    6:48  Zealot  
    6:50  Stalker  
    6:55  Zealot x2  
    6:57  Probe  
    6:58  Probe  
    7:04  Observer  
    7:06  Observer  
    7:09  Probe, Stalker  
    7:10  Probe  
    7:11  Sentry, High Templar  
    7:12  Stalker  
    7:14  Stalker  
    7:17  Immortal  
    7:19  Immortal, Stalker  
    7:20  Zealot  
    7:21  Zealot  
    7:25  Probe  
    7:26  Probe  
    7:35  Zealot  
    7:38  Stalker  
    7:39  Stalker  
    7:40  Stalker  
    7:41  Stalker  
    7:42  Stalker  
    7:48  High Templar  
    7:49  High Templar  
    7:52  Photon Cannon  
    7:56  Immortal, Zealot  
    7:58  Immortal  
    8:01  Zealot  
    8:05  Zealot  
    8:07  Stalker, Sentry  
    8:08  Stalker, Gateway  
    8:13  Zealot  
    8:15  High Templar  
    8:17  High Templar  
    8:20  Archon  
    8:21  Zealot  
    8:26  High Templar  
    8:27  Forge  
    8:30  Zealot  
    8:32  Sentry  
    8:36  Observer  
    8:37  Observer  
    8:39  Zealot, Photon Cannon  
    8:40  Zealot  
    8:41  Stalker  
    8:42  Zealot, Archon  
    8:53  High Templar  
    8:55  High Templar  
    8:57  Immortal  
    8:58  Immortal  
    8:59  Adept  
    9:04  Zealot  
    9:05  Archon  
    9:06  Zealot  
    9:08  Zealot  
    9:09  Stalker, Zealot  
    9:10  Stalker  
    9:11  Gateway  
    9:17  Zealot  
    9:23  Zealot  
    9:24  Zealot  
    9:28  Adept  
    9:29  Zealot  
    9:30  Zealot  
    9:31  Zealot  
    9:33  Probe, Photon Cannon  
    9:34  Zealot  
    9:35  Probe, Zealot  
    9:36  Immortal  
    9:37  Stalker  
    9:38  Immortal, High Templar  
    9:41  Sentry  
    9:42  Zealot  
    9:45  Adept  
    9:46  Probe, Zealot  
    9:47  Probe, Photon Cannon  
    9:49  Zealot  
    9:50  Zealot  
    9:52  Stalker, Zealot  
    9:55  Zealot  
    9:57  Zealot  
    9:58  Probe, Stalker  
    9:59  Probe  
    10:01  Zealot  
    10:03  Zealot  
    10:05  Sentry  
    10:09  Stalker, Zealot  
    10:10  Probe  
    10:11  Probe, Zealot  
    10:13  Stalker  
    10:14  Adept  
    10:15  High Templar  
    10:17  Zealot  
    10:21  Stalker  
    10:22  Probe  
    10:23  Probe  
    10:24  Zealot  
    10:26  Stalker, Zealot  
    10:27  Zealot  
    10:28  Zealot  
    10:30  Zealot  
    10:34  Zealot  
    10:38  Stalker  
    10:40  Zealot  
    10:43  Probe  
    10:44  Probe  
    10:49  Zealot, Photon Cannon  
    10:50  Zealot  
    10:51  Zealot x2  
    10:52  Zealot  
    10:56  Zealot  
    10:59  Probe  
    11:01  Probe  
    11:05  Zealot x2  
    11:08  Pylon  
    11:11  Zealot  
    11:12  Probe  
    11:13  Probe  
    11:14  Zealot  
    11:15  Zealot  
    11:17  Zealot  
    11:26  Photon Cannon  
    11:27  Probe  
    11:29  Probe  
    11:31  Zealot  
    11:36  Zealot  
    11:37  Probe, Zealot  
    11:39  Probe  
    11:40  Zealot  
    11:43  Pylon  
    11:45  Probe  
    11:50  Assimilator  
    12:02  Zealot  
Show
View Real Time Build Order
Export as new Build Order

osman-8 Terran 

Build Orders:  

Get SALT Encoding   

    0:01  SCV  
    0:02  SCV  
    0:13  SCV  
    0:15  SCV  
    0:22  Supply Depot  
    0:25  SCV  
    0:27  SCV  
    0:41  Barracks  
    0:44  Refinery  
    1:00  SCV, Barracks  
    1:01  SCV  
    1:29  Marine  
    1:30  Marine  
    1:32  Orbital Command, Barracks  
    1:46  Supply Depot  
    1:47  Marine x2  
    1:48  Marine x2  
    1:58  SCV  
    1:59  SCV  
    2:04  Marine  
    2:05  Marine  
    2:06  Marine x2  
    2:20  Supply Depot  
    2:23  Marine  
    2:24  Marine  
    2:41  Marine  
    2:42  Supply Depot, Marine  
    2:50  SCV  
    2:51  SCV  
    2:58  Supply Depot, Marine  
    2:59  Marine  
    3:31  Marine x2  
    3:32  Marine  
    3:33  Marine  
    3:36  SCV  
    3:38  SCV  
    3:41  Refinery  
    3:43  Supply Depot  
    3:48  SCV  
    3:50  SCV  
    4:00  SCV  
    4:02  SCV  
    4:45  SCV  
    4:46  SCV, Marine, Factory  
    4:47  Marine  
    4:49  Refinery, Marine  
    4:51  Engineering Bay, Marine x2  
    4:52  Marine  
    4:57  SCV  
    4:58  SCV  
    4:59  Barracks  
    5:04  Refinery, Marine  
    5:05  Marine  
    5:09  SCV, Engineering Bay, Barracks Tech Lab  
    5:10  SCV  
    5:11  Marine  
    5:12  Marine  
    5:21  SCV  
    5:22  SCV  
    5:25  Missile Turret  
    5:30  Marauder  
    5:32  Marauder  
    5:33  SCV  
    5:34  SCV  
    5:35  Hellion  
    5:36  Hellion  
    5:45  SCV  
    5:46  SCV  
    5:52  Marauder  
    5:53  Stimpack, Marauder  
    5:54  Missile Turret  
    5:56  Hellion  
    5:57  SCV  
    5:58  Hellion  
    5:59  SCV  
    6:09  SCV  
    6:11  SCV  
    6:13  Marauder  
    6:15  Marauder  
    6:18  Hellion  
    6:19  Hellion  
    6:21  SCV  
    6:23  SCV  
    6:24  Missile Turret  
    6:33  SCV  
    6:35  SCV, Marauder  
    6:36  Marauder, Barracks Tech Lab  
    6:39  Hellion  
    6:41  Hellion  
    6:46  SCV  
    6:47  SCV  
    6:55  Marauder  
    6:56  Armory, Marauder x2  
    6:57  Marauder  
    6:58  SCV  
    6:59  SCV  
    7:01  Hellion  
    7:02  Hellion  
    7:10  SCV  
    7:11  SCV  
    7:14  Armory  
    7:16  Marauder  
    7:17  Marauder  
    7:18  Marauder  
    7:19  Marauder, Marine  
    7:21  Marine x2  
    7:22  Hellion, Marine  
    7:23  Hellbat  
    7:29  SCV  
    7:30  SCV  
    7:37  Marine  
    7:38  Marauder, Marine x2  
    7:39  Marauder, Marine, Starport  
    7:40  Marine x2  
    7:42  SCV  
    7:43  SCV, Hellion  
    7:45  Hellbat  
    7:56  SCV  
    7:57  Barracks Reactor, Marauder  
    7:58  SCV, Marauder  
    7:59  Marauder  
    8:00  Marauder  
    8:03  Marine  
    8:04  Marine  
    8:05  Hellion  
    8:06  Hellbat  
    8:17  Starport Reactor  
    8:18  Marauder  
    8:19  Marauder  
    8:20  Marine  
    8:21  Marine  
    8:23  Marine  
    8:24  Marine  
    8:26  Hellion  
    8:27  Hellbat  
    8:38  Marauder, Marine  
    8:39  Marauder, Marine  
    8:40  Marauder  
    8:41  Marauder  
    8:45  Barracks  
    8:47  Hellion  
    8:49  Hellbat  
    8:55  Viking  
    8:56  Marine  
    8:57  Viking  
    8:58  Marine  
    9:02  Factory  
    9:03  Medivac  
    9:04  Medivac, Marine  
    9:06  Marine  
    9:09  Factory Tech Lab  
    9:13  Marine  
    9:15  Marine  
    9:24  Marine  
    9:25  Medivac  
    9:26  Marine x2  
    9:27  Medivac  
    9:28  Marine, Siege Tank  
    9:29  Siege Tank  
    9:36  Marauder  
    9:38  Marauder  
    9:45  Hellion, Marauder  
    9:46  Marauder  
    9:47  Hellbat  
    9:58  Marauder  
    9:59  Marauder  
    10:00  Siege Tank  
    10:01  Siege Tank  
    10:06  Marauder  
    10:07  Hellion  
    10:08  Hellbat, Marauder  
    10:09  Marine  
    10:10  Marine  
    10:15  Marine  
    10:17  Marine  
    10:18  Marine  
    10:19  Marauder  
    10:20  Marine  
    10:21  Marauder, Marine  
    10:22  Marine  
    10:27  Marine  
    10:28  Hellion, Marine  
    10:30  Hellbat, Marine  
    10:32  Marine, Siege Tank  
    10:33  Siege Tank  
    10:34  Marine  
    10:35  Marine  
    10:38  Marine  
    10:40  Marine  
    10:41  Marauder, Marine  
    10:42  Marauder, Marine  
    10:50  Hellion  
    10:51  Hellbat  
    10:58  Viking  
    11:00  Viking  
    11:04  Hellion  
    11:06  Hellbat  
    11:07  Viking  
    11:08  Viking  
    11:18  Hellion  
    11:19  Hellbat  
    11:24  Marine  
    11:26  Marine, Siege Tank  
    11:27  Siege Tank  
    11:28  Viking  
    11:30  Viking  
    11:37  Medivac  
    11:38  Medivac  
    11:39  Hellion  
    11:41  Hellbat  
    11:58  Medivac, Siege Tank  
    11:59  Siege Tank  
    12:00  Medivac  
    12:06  Factory  
    12:07  Factory Tech Lab  
    12:25  Cyclone  
    12:27  Cyclone  
    12:30  Siege Tank  
    12:31  Siege Tank  
    12:50  Hellion  
    12:51  Marauder  
    12:52  Hellbat, Marauder  
    12:53  Marauder  
    12:54  Marauder  
    12:57  Siege Tank  
    12:59  Siege Tank  
    13:02  Hellion  
    13:04  Hellbat, Marine  
    13:05  Marine  
    13:06  Marine  
    13:07  Marine  
    13:08  Marine  
    13:09  Marine  
    13:10  Marine  
    13:11  Marine  
    13:13  Marauder, Marine  
    13:14  Marauder  
    13:15  Marine  
    13:18  Hellion  
    13:19  Hellbat  
    13:23  Siege Tank  
    13:25  Siege Tank  
    13:30  Siege Tank  
    13:31  Marine, Siege Tank  
    13:32  Marine  
    13:33  Marine  
    13:34  Marine  
    13:35  Marauder  
    13:37  Marauder  
    13:39  Hellion  
    13:40  Hellbat  
    13:51  Marauder  
    13:52  Marauder  
    13:56  Widow Mine  
    13:57  Marauder, Widow Mine  
    13:58  Marauder  
    14:00  Widow Mine  
    14:02  Hellion, Widow Mine  
    14:03  Hellbat  
    14:10  Starport  
    14:12  Marauder  
    14:13  Marauder  
    14:17  Hellion  
    14:18  Hellbat, Marauder  
    14:19  Marauder  
    14:23  Widow Mine  
    14:25  Widow Mine  
    14:38  Siege Tank  
    14:40  Siege Tank  
    14:44  Siege Tank  
    14:46  Starport Tech Lab, Siege Tank  
    15:05  Raven  
    15:07  Raven  
    15:09  Marauder  
    15:10  Siege Tank  
    15:11  Marauder  
    15:12  Marauder, Siege Tank  
    15:14  Marauder  
    15:16  Siege Tank  
    15:18  Siege Tank  
    15:42  Siege Tank  
    15:44  Siege Tank  
    15:48  Raven  
    15:49  Raven, Siege Tank  
    15:50  Siege Tank  
    16:14  Siege Tank  
    16:16  Siege Tank  
    16:21  Cyclone  
    16:22  Cyclone  
    16:30  Widow Mine  
    16:31  Widow Mine  
    16:39  Marauder  
    16:41  Marauder  
    16:42  Marauder  
    16:43  Marauder  
    16:46  Siege Tank  
    16:48  Siege Tank  
    16:53  Siege Tank  
    16:54  Siege Tank  
    17:19  Siege Tank  
    17:20  Siege Tank  
    17:21  Widow Mine  
    17:23  Widow Mine  
    17:25  Siege Tank  
    17:26  Siege Tank  
    17:34  Ghost Academy  
    17:50  Thor, Liberator  
    17:51  Liberator  
    17:52  Thor  
    17:57  Siege Tank  
    17:58  Siege Tank  
    18:03  Ghost  
    18:04  Ghost  
    18:06  Hellion  
    18:07  Hellbat  
    18:08  SCV  
    18:09  SCV  
    18:29  Thor  
    18:30  Thor  
    18:33  Cyclone  
    18:35  Cyclone  
    19:05  Thor  
    19:07  Marine, Thor  
    19:09  Marine x2  
    19:10  Marine, Fusion Core  
    19:11  Marine  
    19:12  Marine, Thor  
    19:13  Marine, Thor  
    19:14  Marine  
    19:15  Marine  
    19:16  Marine  
    19:17  Marine  
    19:18  Marine  
    19:25  Marine  
    19:27  Marine  
    19:40  Marine  
    19:41  Marine  
    19:43  Marine  
    19:45  Marine  
    19:47  Marine  
    19:48  Siege Tank  
    19:49  Marine  
    19:50  Marine, Siege Tank  
    19:52  Marine  
    19:53  Marine  
    19:54  Marine  
    19:55  Marine, Siege Tank  
    19:56  Marine, Siege Tank  
    19:58  Battlecruiser  
    20:00  Viking, Battlecruiser  
    20:01  Viking  
    20:02  Viking  
    20:04  Viking  
    20:17  Marine  
    20:18  Marine  
    20:19  Marine  
    20:20  Marine, Siege Tank  
    20:22  Marine, Siege Tank  
    20:23  Marine x2  
    20:24  Marine  
    20:25  Marine x2  
    20:26  Marine  
    20:27  Marine, Thor  
    20:29  Thor  
    20:30  Viking  
    20:31  Viking  
    20:32  Viking  
    20:34  Viking  
    20:35  Marine  
    20:36  Marine  
    20:37  Marine  
    20:42  Hellion  
    20:43  Hellbat  
    20:47  Marauder  
    20:53  Hellion  
    20:54  Marine  
    20:57  SCV  
    20:58  SCV, Marine  
    20:59  Marine x2  
    21:01  Marine  
    21:09  SCV  
    21:16  Marine  
    21:18  Marine  
    21:23  SCV  
Tags
 
Add a new tag
Caveats
  • Supply blocks, unpowered buildings, or Contaminate may cause inaccurate times.
  • Supply counts are checked every 10 seconds.